 Dungeon Crawl Stone Soup version 0.27-a0-1322-gfdffb62a71 (webtiles) character file.

Game seed: 18187814532939123495

308 Gwenloh the Slasher (level 6, -3/46 HPs)
             Began as a Barachi Warper on June 22, 2021.
             Splashed by a jelly's acid (8 damage)
             ... on level 3 of the Dungeon.
             The game lasted 00:13:55 (4993 turns).

Gwenloh the Slasher (Barachi Warper)                Turns: 4993, Time: 00:13:57

Health: -3/46      AC: -1    Str: 12    XL:     6   Next: 40%
Magic:  2/9        EV: 11    Int: 14    God:
Gold:   106        SH:  0    Dex: 13    Spells: 4/9 levels left

rFire    . . .     SeeInvis .   a - +0 falchion
rCold    . . .     Faith    .   (no shield)
rNeg     . . .     Spirit   .   o - +0 ring mail
rPois    .         Reflect  .   (no helmet)
rElec    .         Harm     .   (no cloak)
rCorr    .         Rampage  .   (no gloves)
Will     .....                  u - +0 pair of boots
Stlth    +.........             (no amulet)
HPRegen  0.15/turn              (no ring)
MPRegen  0.11/turn              (no ring)

@: corroded, slow
A: amphibious, slowness 1, strong legs 1, +LOS
a: Hop


You were on level 3 of the Dungeon.
You visited 1 branch of the dungeon, and saw 4 of its levels.

You collected 106 gold pieces.

Inventory:

Hand Weapons
 a - a +0 falchion (weapon)
 b - a +0 fustibalus
 A - a +0 hunting sling
Missiles
 d - 4 boomerangs of dispersal
 g - 11 boomerangs (quivered)
 j - 36 stones
 l - 6 javelins
 n - 23 bolts
Armour
 f - a +0 leather armour
 o - a +0 ring mail (worn)
 u - a +0 pair of boots (worn)
Jewellery
 q - a +6 ring of dexterity
 z - a ring of ice
Wands
 r - a wand of mindburst (19)
Scrolls
 c - a scroll of blinking
 e - a scroll of vulnerability {unknown}
 i - a scroll of magic mapping {unknown}
 k - a scroll of amnesia {unknown}
 s - a scroll of fear {unknown}
 x - a scroll of identify {unknown}
 y - a scroll of enchant armour {unknown}
Potions
 h - a potion of attraction {unknown}
 m - a potion of cancellation {unknown}
 p - 2 potions of resistance {unknown}
 t - a potion of might {unknown}
 v - a potion of haste {unknown}
 w - 3 potions of curing {unknown}
 B - a potion of heal wounds {unknown}


   Skills:
 - Level 2.4 Fighting
 * Level 6.1 Long Blades
 - Level 1.0 Throwing
 + Level 3.6 Armour
 - Level 2.1 Dodging
 - Level 2.1 Spellcasting
 + Level 4.4 Translocations


You had 4 spell levels left.
You knew the following spells:

 Your Spells              Type           Power      Damage    Failure   Level
a - Blink                 Tloc           N/A        N/A       12%         2
b - Gell's Gravitas       Tloc           7%         N/A       24%         3

Your spell library contained the following spells:

 Spells                   Type           Power      Damage    Failure   Level
 Lesser Beckoning         Tloc           7%         N/A       24%         3
 Teleport Other           Tloc           14%        N/A       24%         3
 Manifold Assault         Tloc           14%        N/A       91%         5


Dungeon Overview and Level Annotations

Branches:
Dungeon (4/15)
 Temple: D:4-7

Altars:
Ashenzari
Trog

Shops:
D:2 (


Innate Abilities, Weirdness & Mutations

You are amphibious.
You cover ground slowly.
You can hop short distances.
You have an extended range of vision and can be seen from far away.


Message History

That would be overly suicidal.
Okay, then.
Unknown command.
Okay, then.
Okay, then.
Your magical contamination has completely faded away.
You are no longer corroded.
Casting: Blink (safe; 12% risk of failure)
Confirm with . or Enter, or press ? or * to list all spells.
You blink.
Casting: Blink (safe; 12% risk of failure)
Confirm with . or Enter, or press ? or * to list all spells.
You blink.
Casting: Blink (safe; 12% risk of failure)
Confirm with . or Enter, or press ? or * to list all spells.
You blink.
Throw: 11 boomerangs
Press: ? - help, Q - select action, (/) - cycle Shift-Dir - straight line, f - jelly
Aim: a jelly (89% to hit)
You throw a boomerang. The boomerang hits the jelly.
The jelly is lightly wounded.
You are ready to hop once more.
You hit the jelly.
Your hands burn!
The jelly is moderately wounded.
The jelly barely misses you.
You slash the jelly!
Your hands burn!
* * * LOW HITPOINT WARNING * * *
The jelly is heavily wounded.
The jelly closely misses you.
You slash the jelly!
Your hands burn!
* * * LOW HITPOINT WARNING * * *
The jelly is severely wounded.
The jelly hits you but does no damage.
You hit the jelly. The acid corrodes you!
Your hands burn!
* * * LOW HITPOINT WARNING * * *
The jelly is severely wounded.
The jelly hits you.
* * * LOW HITPOINT WARNING * * *
The acid corrodes you!
You are splashed with acid!
You die...

#.####..# #.# ##.## #.# #..# #.#
##.# #.# #.# # #.# #.# # #.# #.#
# #.######.######## ###
#########......J@..)....# #..
...........#####.######.#######..
#########.## #..##............. #
#.# ##.##.##.......... # #.#
#.##.########.... # #.# #.##.#
#.##. #.# #.##.# #.##. #ยง#
#..#.# #.#.. #.# ##.#.# #.#.#


You could see a jelly.

Vanquished Creatures
  3 hounds
  Natasha (thrice) (D:2)
  An iguana (D:2)
  3 adders
  2 worms (D:3)
  9 dart slugs
  4 orcs
  3 endoplasms (D:1)
  2 giant cockroaches
  6 goblins
  7 hobgoblins
  4 jackals (D:1)
  3 kobolds
  7 ball pythons
  5 bats
  3 frilled lizards
  8 rats
73 creatures vanquished.

Notes
Turn   | Place    | Note
-------+----------+-------------------------------------------
     0 | D:1      | Gwenloh the Barachi Warper began the quest for the Orb.
     0 | D:1      | Reached XP level 1. HP: 17/17 MP: 3/3
    61 | D:1      | Reached skill level 3 in Long Blades
   440 | D:1      | Reached XP level 2. HP: 23/23 MP: 5/5
   443 | D:1      | Learned a level 2 spell: Blink
   736 | D:1      | Found a faded altar of an unknown god.
   743 | D:1      | Reached XP level 3. HP: 28/28 MP: 6/6
   747 | D:1      | Learned a level 3 spell: Gell's Gravitas
   804 | D:1      | Reached skill level 4 in Long Blades
  1662 | D:2      | Noticed Natasha
  1679 | D:2      | Killed Natasha
  1680 | D:2      | Reached XP level 4. HP: 7/34 MP: 7/7
  1930 | D:2      | Found a broken altar of Ashenzari.
  1950 | D:2      | Found Epnele's Weapon Emporium.
  2263 | D:2      | Noticed Natasha
  2275 | D:2      | Killed Natasha
  2588 | D:2      | Reached skill level 5 in Long Blades
  2588 | D:2      | Reached XP level 5. HP: 13/39 MP: 8/8
  3052 | D:2      | Noticed Natasha
  3054 | D:2      | Killed Natasha
  3867 | D:3      | Reached XP level 6. HP: 25/46 MP: 9/9
  4299 | D:3      | Reached skill level 6 in Long Blades
  4451 | D:3      | Found a bloodstained altar of Trog.
  4993 | D:3      | Splashed by a jelly's acid

Illustrated notes

Levels and vault maps discovered:
D:1:      dpeg_arrival_short_road, layout_loops_corners,
          chequers_ecumenical_altar_simple_redux, minmay_misc_feat_x
D:2:      layout_loops_cross, basic_altar, serial_shops, nicolae_lakefront_shop,
          uniq_natasha
D:3:      kennysheep_slugbush, layout_loops_ring, lightli_temple_of_fire,
          cheibrodos_sewer_entry_bend
D:4:      layout_gridville, kiku_gazebo_garden_becter, hangedman_ru_absence,
          minmay_temple_entry_drinking_statues

Skill      XL: |  1  2  3  4  5  6 |
---------------+-------------------+-----
Long Blades    | 3 4 5 6 |  6.1
Armour         | 2 3 |  3.6
Translocations | 4 |  4.4
Fighting       | |  2.4
Throwing       | |  1.0
Dodging        | |  2.1
Spellcasting   | |  2.1

Action                   |  1- 3 |  4- 6 || total
-------------------------+-------+-------++-------
Melee: Falchion          |    54 |   100 ||   154
 Fire: Hunting sling     |    15 |    87 ||   102
       Fustibalus        |       |    41 ||    41
Throw: Stone             |     5 |       ||     5
       Boomerang         |     1 |     5 ||     6
 Cast: Blink             |       |    14 ||    14
 Abil: Hop               |       |     1 ||     1
Evoke: Wand              |       |     2 ||     2
Armor: Leather armour    |     7 |    15 ||    22
       Ring mail         |       |    51 ||    51
Dodge: Dodged            |    36 |   103 ||   139
       Rpst.: Falchion   |    13 |    19 ||    32

Table legend: (Time is in decaauts)
 A = Elapsed time spent in this place.
 B = Non-inter-level travel time spent in this place.
 C = Inter-level travel time spent in this place.
 D = Time resting spent in this place.
 E = Time spent auto-exploring this place.
 F = Levels seen in this place.
 G = Mean time per level.
                   A        B        C        D        E       F      G
               +--------+--------+--------+--------+--------+-----+--------+
         Total |   5502 |   5313 |    189 |   1084 |   3431 |   4 | 1375.5 |
       Dungeon |   5502 |   5313 |    189 |   1084 |   3431 |   4 | 1375.5 |
               +--------+--------+--------+--------+--------+-----+--------+

Top non-repeatable levels by time:
     D:3: 1815 daAuts
     D:1: 1743 daAuts
     D:2: 1741 daAuts
     D:4: 202 daAuts
